 Dungeon Crawl Stone Soup version 0.28-a0-834-g1a73be5ee4 (webtiles) character file.

Game seed: 60329520559935432

1 croobank the Gusty (level 1, 0/7 HPs)
             Began as a Felid Air Elementalist on Nov 12, 2021.
             Slain by a hobgoblin (3 damage)
             ... on level 1 of the Dungeon.
             The game lasted 00:00:59 (265 turns).

croobank the Gusty (Felid Air Elementalist)          Turns: 265, Time: 00:01:00

Health: 0/7        AC:  1    Str:  4    XL:     1   Next: 16%
Magic:  4/4        EV: 17    Int: 16    God:
Gold:   22         SH:  0    Dex: 16    Spells: 3/4 levels left
                                        Lives:  0   Deaths: 0

rFire   . . .      SeeInvis +   (weapon unavailable)
rCold   . . .      Faith    .   (shield unavailable)
rNeg    . . .      Spirit   .   (armour unavailable)
rPois   .          Reflect  .   (helmet unavailable)
rElec   .          Harm     .   (cloak unavailable)
rCorr   .          Rampage  .   (gloves unavailable)
Will    .....                   (boots unavailable)
Stlth   ++........              (no amulet)
HPRegen 0.02/turn               (no ring)
MPRegen 0.09/turn               (no ring)

@: quick
A: very small, claws 1, fangs 3, see invisible, speed 1, shaggy fur 1, stealthy
paws, no weapons or thrown items, no armour, multi-lived
a: no special abilities


You were on level 1 of the Dungeon.
You visited 1 branch of the dungeon, and saw 1 of its levels.

You collected 22 gold pieces.

You aren't carrying anything.


   Skills:
 + Level 2.6 Dodging
 + Level 2.6 Stealth
 + Level 2.0 Spellcasting
 + Level 0.8 Conjurations
 + Level 2.8 Air Magic


You had 3 spell levels left.
You knew the following spells:

 Your Spells              Type           Power      Damage    Failure   Level
a - Shock                 Conj/Air       28%        1d4       10%         1

Your spell library contained the following spells:

 Spells                   Type           Power      Damage    Failure   Level
 Static Discharge         Conj/Air       7%         N/A       16%         2
 Beastly Appendage        Tmut           2%         N/A       21%         1
 Swiftness                Air            10%        N/A       21%         3
 Wereblood                Tmut           1%         N/A       30%         2
 Spider Form              Tmut/Pois      1%         N/A       52%         3
 Airstrike                Air            5%         N/A       54%         4


Dungeon Overview and Level Annotations

Branches:
Dungeon (1/15)

Altars:


Innate Abilities, Weirdness & Mutations

You have sharp claws.
You have razor-sharp teeth.
You have supernaturally acute eyesight. (SInv)
You cover ground quickly. (Speed+)
You are covered in fur. (AC +1)
Your paws help you pounce on unaware monsters.
You are incapable of wielding weapons or throwing items.
You cannot wear armour.
You gain extra lives every three experience levels.


Message History

The quokka is heavily wounded.
The quokka bites you but does no damage.
You scratch the quokka but do no damage.
Your bite misses the quokka.
The quokka is moderately wounded.
The quokka completely misses you.
Aiming: Shock (safe; 10% risk of failure)
Press: ? - help, Q - select action Shift-Dir - straight line, f/p - quokka
Aim: a quokka (moderately wounded, 56% to hit)
The zap hits the quokka.
The quokka is severely wounded.
The quokka closely misses you.
You closely miss the quokka.
The quokka is severely wounded.
The quokka completely misses you.
You scratch the quokka.
You kill the quokka!
You start resting.
Magic restored.
You start resting.
HP restored.
Found a hunting sling.
You see here a +0 hunting sling.
You pick up a book of Changes and begin reading...
You add the spells Beastly Appendage, Wereblood and Spider Form to your library.
Okay, then.
You now have 22 gold pieces (gained 12).
A hobgoblin comes into view.
The hobgoblin shouts!
Okay, then.
A hobgoblin is nearby!
You scratch the hobgoblin.
You bite the hobgoblin, but do no damage.
The hobgoblin is moderately wounded.
The hobgoblin hits you.
Ouch! That really hurt!
You barely miss the hobgoblin.
The hobgoblin is moderately wounded.
The hobgoblin hits you.
You die... ## ♣♣ ... ♣.♣♣ #.. .PP

#.# .. ..## #♣♣P
#.. ♣P.♣ #g##
#♣♣♣.♣ #@###
#P...♣
#...###♣..♣♣##
#........♣♣..#
#.##.####.###.###
#.# #.# #....#..#
..# #.# #####.#.#
##. #.# #.#.# #
#.# ..#.### #.#
#.##....


You could see a hobgoblin.

Vanquished Creatures
  A quokka (D:1)
1 creature vanquished.

Notes
Turn   | Place    | Note
-------+----------+-------------------------------------------
     0 | D:1      | croobank the Felid Air Elementalist began the quest for the
                  | Orb.
     0 | D:1      | Reached XP level 1. HP: 7/7 MP: 4/4
   265 | D:1      | Slain by a hobgoblin

Illustrated notes

Levels and vault maps discovered:
D:1:      ebering_hopf_link, layout_loops_ring, serial_forest,
          infiniplex_forest_corner_1, infiniplex_forest_straight_5,
          infiniplex_forest_corner_1, infiniplex_forest_straight_5,
          infiniplex_forest_end_3, infiniplex_forest_lined_2,
          infiniplex_forest_lined_3_way, infiniplex_forest_split,
          infiniplex_forest_clump_small, infiniplex_forest_end_2

Action                   || total
-------------------------++-------
Melee: Unarmed           ||     7
       Bite              ||     1
 Cast: Shock             ||     2
Armor: Skin              ||     1
Dodge: Dodged            ||     4

Table legend: (Time is in decaauts)
 A = Elapsed time spent in this place.
 B = Non-inter-level travel time spent in this place.
 C = Inter-level travel time spent in this place.
 D = Time resting spent in this place.
 E = Time spent auto-exploring this place.
 F = Levels seen in this place.
 G = Mean time per level.
                   A        B        C        D        E       F      G
               +--------+--------+--------+--------+--------+-----+--------+
         Total |    250 |    250 |      0 |    181 |     51 |   1 |  250.0 |
       Dungeon |    250 |    250 |      0 |    181 |     51 |   1 |  250.0 |
               +--------+--------+--------+--------+--------+-----+--------+

Top non-repeatable levels by time:
     D:1: 250 daAuts
